| TOP OF THE 1ST |
|
Binghamton Mets batting - Pitching for South Bend Cubs : LHP Jose Carrillo
|
|
Pitching: LHP Jose Carrillo
|
|
|
Batting: RHB Jake Hansford
|
0-0: Ball 1-0: Swinging Strike 1-1: Called Strike 1-2: Foul Ball, location: 2F 1-2: Strikes out swinging
|
|
Batting: RHB Steve Dunaway
|
0-0: Fly out, F4 (Popup, 13, EV 76.2 MPH)
|
|
Batting: RHB Andy Solorzano
|
0-0: Ball 1-0: Ball 2-0: Called Strike 2-1: Ball 3-1: Base on Balls
|
|
Batting: RHB Chris Nelson
|
0-0: Called Strike 0-1: Ball 1-1: Ball 2-1: Called Strike 2-2: Foul Ball, location: 2F 2-2: Ball 3-2: Ground out U3 (Groundball, 3S, EV 86.2 MPH)
|
| Top of the 1st over - 0 runs, 0 hits, 0 errors, 1 left on base; Binghamton 0 - South Bend 0 |
| BOTTOM OF THE 1ST |
|
South Bend Cubs batting - Pitching for Binghamton Mets : RHP Lawrence Luning
|
|
Pitching: RHP Lawrence Luning
|
|
|
Batting: LHB Bill Tardiff
|
0-0: Called Strike 0-1: DOUBLE (Groundball, 5L, EV 101.9 MPH)
|
|
Batting: RHB Mike Savage
|
0-0: Swinging Strike 0-1: Ground out 4-3 (Groundball, 34, EV 98.8 MPH) Bill Tardiff to third
|
|
Batting: LHB Mike DiNardo
|
0-0: Foul Ball, location: 2F 0-1: Ground out 1-3 (Groundball, 34S, EV 70.6 MPH)
|
|
Batting: LHB Shuan-yan Wu
|
0-0: Ball Wild Pitch! Bill Tardiff scores 1-0: Called Strike 1-1: Foul Ball, location: 2F 1-2: Strikes out swinging
|
| Bottom of the 1st over - 1 run, 1 hit, 0 errors, 0 left on base; Binghamton 0 - South Bend 1 |
| TOP OF THE 2ND |
|
Binghamton Mets batting - Pitching for South Bend Cubs : LHP Jose Carrillo
|
|
Batting: RHB Shawn Mathews
|
0-0: Ball 1-0: Fly out, F3 (Line Drive, 3, EV 66.2 MPH)
|
|
Batting: RHB Matt Skipper
|
0-0: Fly out, F9 (Flyball, 89D, EV 100.6 MPH)
|
|
Batting: LHB Nate Trahan
|
0-0: Called Strike 0-1: Ball 1-1: Foul Ball, location: 2F 1-2: Ball 2-2: Ball 3-2: SINGLE (Line Drive, 5D, EV 93.8 MPH)
|
|
Pitching: RHP Daniel Sullivan
|
|
|
Batting: LHB Willie Cintron
|
0-0: Called Strike 0-1: SINGLE (Groundball, 4MS, EV 67.5 MPH) (infield hit) Nate Trahan to second
|
|
Batting: LHB Elmo Dreier
|
0-0: Ball 1-0: Called Strike 1-1: Foul Ball, location: 2F 1-2: Fly out, F8 (Flyball, 8RD, EV 91.2 MPH)
|
| Top of the 2nd over - 0 runs, 2 hits, 0 errors, 2 left on base; Binghamton 0 - South Bend 1 |
| BOTTOM OF THE 2ND |
|
South Bend Cubs batting - Pitching for Binghamton Mets : RHP Lawrence Luning
|
|
Batting: SHB Benoît Morin
|
0-0: Ball 1-0: Ball 2-0: Ground out 6-3 (Groundball, 6, EV 93.1 MPH)
|
|
Batting: LHB Jim Polson
|
0-0: Ground out 6-3 (Groundball, 6MD, EV 93.8 MPH)
|
|
Batting: RHB Omar Novoa
|
0-0: Ball 1-0: Swinging Strike 1-1: Ball 2-1: Ground out 4-3 (Groundball, 4M, EV 104.4 MPH)
|
| Bottom of the 2nd over - 0 runs, 0 hits, 0 errors, 0 left on base; Binghamton 0 - South Bend 1 |
| TOP OF THE 3RD |
|
Binghamton Mets batting - Pitching for South Bend Cubs : RHP Daniel Sullivan
|
|
Batting: RHB Jake Hansford
|
0-0: Ball 1-0: Called Strike 1-1: Ball 2-1: Foul Ball, location: 2F 2-2: Fly out, F9 (Flyball, 9D, EV 104.4 MPH)
|
|
Batting: RHB Steve Dunaway
|
0-0: Ground out 6-3 (Groundball, 6, EV 91.2 MPH)
|
|
Batting: RHB Andy Solorzano
|
0-0: Ball 1-0: Ball 2-0: Called Strike 2-1: SOLO HOME RUN (Flyball, 7LD, EV 94.4 MPH), Distance : 372 ft
|
|
Batting: RHB Chris Nelson
|
0-0: Ball 1-0: Ball 2-0: Ball 3-0: Base on Balls
|
|
Pitching: RHP Devin Ward
|
|
|
Batting: RHB Shawn Mathews
|
0-0: Swinging Strike 0-1: Called Strike 0-2: Foul Ball, location: 2F 0-2: Ball Wild Pitch! Chris Nelson to second 1-2: Strikes out swinging
|
| Top of the 3rd over - 1 run, 1 hit, 0 errors, 1 left on base; Binghamton 1 - South Bend 1 |
| BOTTOM OF THE 3RD |
|
South Bend Cubs batting - Pitching for Binghamton Mets : RHP Lawrence Luning
|
|
Batting: RHB John Madden
|
0-0: Ball 1-0: Ground out U3 (Groundball, 34S, EV 67.5 MPH)
|
|
Batting: SHB Alvaro Andrade
|
0-0: Ball 1-0: Swinging Strike 1-1: Swinging Strike 1-2: Strikes out swinging
|
|
Batting: LHB Bill Tardiff
|
0-0: Ball 1-0: Swinging Strike 1-1: Foul Ball, location: 2F 1-2: Foul Ball, location: 2F 1-2: DOUBLE (Line Drive, 8LXD, EV 103.1 MPH)
|
|
Batting: RHB Mike Savage
|
0-0: Ball 1-0: Ball 2-0: Fly out, F7 (Flyball, 7, EV 79.4 MPH)
|
| Bottom of the 3rd over - 0 runs, 1 hit, 0 errors, 1 left on base; Binghamton 1 - South Bend 1 |
| TOP OF THE 4TH |
|
Binghamton Mets batting - Pitching for South Bend Cubs : RHP Devin Ward
|
|
Batting: RHB Matt Skipper
|
0-0: SINGLE (Groundball, 6MD, EV 94.4 MPH)
|
|
Batting: LHB Nate Trahan
|
0-0: Ball 1-0: Called Strike 1-1: Ball 2-1: Foul Ball, location: 2F 2-2: Ball 3-2: Fly out, F8 (Line Drive, 8LM, EV 84.4 MPH)
|
|
Batting: LHB Willie Cintron
|
0-0: Swinging Strike 0-1: Ball 1-1: Ball 2-1: Ball 3-1: Base on Balls Matt Skipper to second
|
|
Batting: LHB Elmo Dreier
|
0-0: Ball 1-0: Ball 2-0: Called Strike 2-1: Fielders Choice at 2nd, 3-6 (Groundball, 3S, EV 86.2 MPH) Matt Skipper to third
|
|
Pitching: RHP Jean-Paul Lefebvre
|
|
|
Pinch Hitting: LHB Jose Chavez
|
0-0: Ball Elmo Dreier steals 2nd, throwing error, E2 Matt Skipper scores Elmo Dreier to third 1-0: Fly out, F8 (Flyball, 89D, EV 86.2 MPH)
|
| Top of the 4th over - 1 run, 1 hit, 1 error, 1 left on base; Binghamton 2 - South Bend 1 |
| BOTTOM OF THE 4TH |
|
South Bend Cubs batting - Pitching for Binghamton Mets : RHP Lawrence Luning
|
|
Now in CF: Jose Chavez
|
|
|
Batting: LHB Mike DiNardo
|
0-0: Ground out 6-3 (Groundball, 6M, EV 88.1 MPH)
|
|
Batting: LHB Shuan-yan Wu
|
0-0: Ball 1-0: Ball 2-0: Called Strike 2-1: Foul Ball, location: 2F 2-2: Ball 3-2: SOLO HOME RUN (Flyball, 9D, EV 96.9 MPH), Distance : 394 ft
|
|
Batting: SHB Benoît Morin
|
0-0: Called Strike 0-1: Swinging Strike 0-2: Ball 1-2: Ball 2-2: Foul Ball, location: 2F 2-2: Foul Ball, location: 2F 2-2: Fly out, F7 (Line Drive, 7D, EV 84.4 MPH)
|
|
Batting: LHB Jim Polson
|
0-0: Called Strike 0-1: Ball 1-1: Swinging Strike 1-2: DOUBLE (Line Drive, 78M, EV 104.4 MPH)
|
|
Batting: RHB Omar Novoa
|
0-0: Ball 1-0: Ball 2-0: SINGLE (Groundball, 56D, EV 96.9 MPH) Jim Polson to third Runner from 3rd tries for Home, SAFE, throw by LF to home
|
|
Batting: RHB John Madden
|
0-0: Ball 1-0: Swinging Strike 1-1: Ball 2-1: Foul Ball, location: 2F 2-2: Foul Ball, location: 2F 2-2: Foul Ball, location: 2F 2-2: Foul Ball, location: 2F 2-2: Fielders Choice at 2nd, 5-4 (Groundball, 5L, EV 85.0 MPH)
|
| Bottom of the 4th over - 2 runs, 3 hits, 0 errors, 1 left on base; Binghamton 2 - South Bend 3 |
| TOP OF THE 5TH |
|
Binghamton Mets batting - Pitching for South Bend Cubs : RHP Jean-Paul Lefebvre
|
|
Batting: RHB Steve Dunaway
|
0-0: Called Strike 0-1: SINGLE (Groundball, 34D, EV 95.6 MPH)
|
|
Batting: RHB Andy Solorzano
|
0-0: Ball 1-0: Called Strike 1-1: Called Strike 1-2: Fly out, F8 (Flyball, 8RD, EV 105.0 MPH)
|
|
Batting: RHB Chris Nelson
|
0-0: Ball 1-0: Ball 2-0: Called Strike 2-1: 2-RUN HOME RUN (Flyball, 9D, EV 106.2 MPH), Distance : 399 ft
|
|
Batting: RHB Shawn Mathews
|
0-0: Ball 1-0: Called Strike 1-1: Reached on error, E6 (Groundball, 6, EV 78.1 MPH)
|
|
Batting: RHB Matt Skipper
|
0-0: Called Strike 0-1: Ball 1-1: Ball Shawn Mathews steals 2nd base 2-1: Swinging Strike 2-2: Foul Ball, location: 2F 2-2: Foul Ball, location: 2F 2-2: Ball 3-2: Base on Balls
|
|
Pitching: RHP Jason Scott
|
|
|
Batting: LHB Nate Trahan
|
0-0: Foul Ball, location: 2F 0-1: Swinging Strike 0-2: Ball 1-2: Foul Ball, location: 2F 1-2: Ball 2-2: Foul Ball, location: 2F 2-2: Foul Ball, location: 2F 2-2: Ball 3-2: Base on Balls Shawn Mathews to third Matt Skipper to second
|
|
Batting: LHB Willie Cintron
|
0-0: Grounds into fielders choice U2 (Groundball, 2R, EV 65.6 MPH) Matt Skipper to third Nate Trahan to second
|
|
Batting: LHB Elmo Dreier
|
0-0: Ground out U3 (Groundball, 3, EV 80.0 MPH)
|
| Top of the 5th over - 2 runs, 2 hits, 1 error, 3 left on base; Binghamton 4 - South Bend 3 |
| BOTTOM OF THE 5TH |
|
South Bend Cubs batting - Pitching for Binghamton Mets : RHP Lawrence Luning
|
|
Batting: SHB Alvaro Andrade
|
0-0: Ball 1-0: Ball 2-0: Foul Ball, location: 2F 2-1: Foul Ball, location: 2F 2-2: Ball 3-2: Fly out, F9 (Flyball, 9LM, EV 84.4 MPH)
|
|
Batting: LHB Bill Tardiff
|
0-0: Ground out 5-3 (Groundball, 5, EV 88.8 MPH)
|
|
Batting: RHB Mike Savage
|
0-0: Ball 1-0: Ball 2-0: Ball 3-0: Base on Balls
|
|
Batting: LHB Mike DiNardo
|
0-0: Ball 1-0: Ball Mike Savage steals 2nd base 2-0: Foul Ball, location: 2F 2-1: Ball 3-1: Foul Ball, location: 2F 3-2: Fly out, F9 (Line Drive, 9, EV 108.8 MPH)
|
| Bottom of the 5th over - 0 runs, 0 hits, 0 errors, 1 left on base; Binghamton 4 - South Bend 3 |
| TOP OF THE 6TH |
|
Binghamton Mets batting - Pitching for South Bend Cubs : RHP Jason Scott
|
|
Batting: LHB Jose Chavez
|
0-0: Ball 1-0: Ball 2-0: Foul Ball, location: 2F 2-1: Ball 3-1: Called Strike 3-2: Base on Balls
|
|
Batting: RHB Steve Dunaway
|
0-0: Ball 1-0: Swinging Strike 1-1: Ground out 5-3 (Groundball, 56S, EV 71.2 MPH) Jose Chavez to second
|
|
Pitching: RHP Eric Allen
|
|
|
Batting: RHB Andy Solorzano
|
0-0: Called Strike 0-1: Ball 1-1: Ball 2-1: Fly out, F9 (Flyball, 9LD, EV 86.2 MPH) Runner from 2nd tags up, SAFE at 3rd, no throw by RF
|
|
Batting: RHB Chris Nelson
|
0-0: Fly out, F4 (Flyball, 3D, EV 78.8 MPH)
|
| Top of the 6th over - 0 runs, 0 hits, 0 errors, 1 left on base; Binghamton 4 - South Bend 3 |
| BOTTOM OF THE 6TH |
|
South Bend Cubs batting - Pitching for Binghamton Mets : RHP Lawrence Luning
|
|
Batting: LHB Shuan-yan Wu
|
0-0: Called Strike 0-1: Called Strike 0-2: Ball 1-2: SINGLE (Groundball, 4D, EV 98.1 MPH)
|
|
Batting: SHB Benoît Morin
|
0-0: Ball 1-0: Swinging Strike 1-1: Foul Ball, location: 2F 1-2: DOUBLE (Line Drive, 7LM, EV 110.6 MPH) Shuan-yan Wu to third Runner from 3rd tries for Home, SAFE, throw by LF to home
|
|
Batting: LHB Jim Polson
|
0-0: Ball 1-0: Ball 2-0: Called Strike 2-1: Ball Wild Pitch! Benoît Morin to third 3-1: Base on Balls
|
|
Batting: RHB Omar Novoa
|
0-0: Ball 1-0: Foul Ball, location: 2F 1-1: Grounds into double play, 4-6-3 (Groundball, 4, EV 83.8 MPH) Benoît Morin scores
|
|
Pitching: RHP Francis Cornick
|
|
|
Batting: RHB John Madden
|
0-0: Ground out 5-3 (Groundball, 56, EV 86.2 MPH)
|
| Bottom of the 6th over - 2 runs, 2 hits, 0 errors, 0 left on base; Binghamton 4 - South Bend 5 |
| TOP OF THE 7TH |
|
Binghamton Mets batting - Pitching for South Bend Cubs : RHP Eric Allen
|
|
Batting: RHB Shawn Mathews
|
0-0: Ground out 5-3 (Groundball, 5S, EV 85.6 MPH)
|
|
Batting: RHB Matt Skipper
|
0-0: Called Strike 0-1: Ball 1-1: Fly out, F9 (Flyball, 9S, EV 90.6 MPH)
|
|
Batting: LHB Nate Trahan
|
0-0: Swinging Strike 0-1: Ball 1-1: Ball 2-1: Swinging Strike 2-2: SINGLE (Groundball, 4D, EV 104.4 MPH)
|
|
Batting: LHB Willie Cintron
|
0-0: Foul Ball, location: 2F 0-1: Ball 1-1: Ball 2-1: Ground out U3 (Groundball, 3, EV 82.5 MPH)
|
| Top of the 7th over - 0 runs, 1 hit, 0 errors, 1 left on base; Binghamton 4 - South Bend 5 |
| BOTTOM OF THE 7TH |
|
South Bend Cubs batting - Pitching for Binghamton Mets : RHP Francis Cornick
|
|
Batting: SHB Alvaro Andrade
|
0-0: Ball 1-0: Ball 2-0: Ball 3-0: Called Strike 3-1: Called Strike 3-2: Strikes out swinging
|
|
Batting: LHB Bill Tardiff
|
0-0: Ball 1-0: Called Strike 1-1: Swinging Strike 1-2: Ball 2-2: Ball 3-2: Foul Ball, location: 2F 3-2: Fly out, F4 (Popup, 4S, EV 87.5 MPH)
|
|
Batting: RHB Mike Savage
|
0-0: Ball 1-0: Swinging Strike 1-1: Foul Ball, location: 2F 1-2: Ball 2-2: SINGLE (Line Drive, 34, EV 93.8 MPH)
|
|
Batting: LHB Mike DiNardo
|
0-0: Ball 1-0: Ball Mike Savage steals 2nd base 2-0: Foul Ball, location: 2F 2-1: Fly out, F9 (Line Drive, 9D, EV 93.1 MPH)
|
| Bottom of the 7th over - 0 runs, 1 hit, 0 errors, 1 left on base; Binghamton 4 - South Bend 5 |
| TOP OF THE 8TH |
|
Binghamton Mets batting - Pitching for South Bend Cubs : RHP Eric Allen
|
|
Pitching: RHP Josh Deyo
|
|
|
Batting: LHB Elmo Dreier
|
0-0: Called Strike 0-1: Ball 1-1: Ball 2-1: SINGLE (Line Drive, 89S, EV 101.2 MPH)
|
|
Batting: LHB Jose Chavez
|
0-0: Ball 1-0: Ball 2-0: SINGLE (Flyball, 8LS, EV 93.1 MPH) Elmo Dreier to second
|
|
Pitching: LHP Nate George
|
|
|
Batting: RHB Steve Dunaway
|
0-0: DOUBLE (Line Drive, 7LD, EV 105.6 MPH) Elmo Dreier scores Jose Chavez to third Runner from 3rd tries for Home, SAFE, no throw by LF
|
|
Batting: RHB Andy Solorzano
|
0-0: Intentional Walk
|
|
Batting: RHB Chris Nelson
|
0-0: Ball 1-0: Ball 2-0: Ball 3-0: Base on Balls Steve Dunaway to third Andy Solorzano to second
|
|
Batting: RHB Shawn Mathews
|
0-0: Foul Ball, location: 2F 0-1: Swinging Strike 0-2: Strikes out swinging
|
|
Batting: RHB Matt Skipper
|
0-0: Foul Ball, location: 2F 0-1: Called Strike 0-2: Hit by Pitch Steve Dunaway scores Andy Solorzano to third Chris Nelson to second
|
|
Pinch Hitting: RHB Joe Kooyers
|
0-0: Called Strike 0-1: Ball 1-1: Foul Ball, location: 2F 1-2: DOUBLE (Flyball, 3D, EV 93.1 MPH) Andy Solorzano scores Chris Nelson scores Matt Skipper to third
|
|
Batting: LHB Willie Cintron
|
0-0: Foul Ball, location: 2F 0-1: SINGLE (Groundball, 6MD, EV 103.1 MPH) Matt Skipper scores Joe Kooyers to third Runner from 3rd tries for Home, throw by CF and OUT! 8-2 Willie Cintron to second
|
|
Batting: LHB Elmo Dreier
|
0-0: Ball 1-0: Ball 2-0: Foul Ball, location: 2F 2-1: Ground out 4-3 (Groundball, 4, EV 78.8 MPH)
|
| Top of the 8th over - 6 runs, 5 hits, 0 errors, 1 left on base; Binghamton 10 - South Bend 5 |
| BOTTOM OF THE 8TH |
|
South Bend Cubs batting - Pitching for Binghamton Mets : RHP Francis Cornick
|
|
Now in RF: Joel Soto
|
|
|
Batting: LHB Shuan-yan Wu
|
0-0: Swinging Strike 0-1: Ball 1-1: Called Strike 1-2: Ball 2-2: Ball 3-2: Ground out 1-3 (Groundball, 15S, EV 65.0 MPH)
|
|
Batting: SHB Benoît Morin
|
0-0: Ball 1-0: Called Strike 1-1: Swinging Strike 1-2: Ball 2-2: Ball 3-2: Foul Ball, location: 2F 3-2: Strikes out swinging
|
|
Batting: LHB Jim Polson
|
0-0: Ball 1-0: Ground out 3-1 (Groundball, 34, EV 107.5 MPH)
|
| Bottom of the 8th over - 0 runs, 0 hits, 0 errors, 0 left on base; Binghamton 10 - South Bend 5 |
| TOP OF THE 9TH |
|
Binghamton Mets batting - Pitching for South Bend Cubs : LHP Nate George
|
|
Batting: LHB Jose Chavez
|
0-0: Called Strike 0-1: Ball 1-1: Swinging Strike 1-2: Ball 2-2: Strikes out swinging, 2-3 out at first.
|
|
Batting: RHB Steve Dunaway
|
0-0: Called Strike 0-1: Foul Ball, location: 2F 0-2: Foul Ball, location: 2F 0-2: Ground out 5-3 (Groundball, 56, EV 85.0 MPH)
|
|
Batting: RHB Andy Solorzano
|
0-0: Ball 1-0: Ball 2-0: Ball 3-0: Called Strike 3-1: Base on Balls
|
|
Batting: RHB Chris Nelson
|
0-0: Called Strike 0-1: Ball 1-1: Called Strike 1-2: Foul Ball, location: 2F 1-2: SINGLE (Groundball, 56D, EV 106.2 MPH) Andy Solorzano to second
|
|
Batting: RHB Shawn Mathews
|
0-0: Ball 1-0: Ball 2-0: Called Strike 2-1: Ball 3-1: Base on Balls Andy Solorzano to third Chris Nelson to second
|
|
Batting: RHB Matt Skipper
|
0-0: Ball 1-0: Called Strike 1-1: Called Strike 1-2: Ground out U3 (Groundball, 34S, EV 84.4 MPH)
|
| Top of the 9th over - 0 runs, 1 hit, 0 errors, 3 left on base; Binghamton 10 - South Bend 5 |
| BOTTOM OF THE 9TH |
|
South Bend Cubs batting - Pitching for Binghamton Mets : RHP Francis Cornick
|
|
Batting: RHB Omar Novoa
|
0-0: Ball 1-0: TRIPLE (Line Drive, 89XD, EV 110.6 MPH)
|
|
Pitching: RHP Salvatore Garcia
|
|
|
Batting: RHB John Madden
|
0-0: Foul Ball, location: 2F 0-1: Ball 1-1: Ball 2-1: Fly out, F8 (Flyball, 89XD, EV 99.4 MPH) Runner from 3rd tags up, SCORES, no throw by CF
|
|
Batting: SHB Alvaro Andrade
|
0-0: Ball 1-0: SINGLE (Groundball, 34D, EV 104.4 MPH)
|
|
Batting: LHB Bill Tardiff
|
0-0: Ball 1-0: Swinging Strike 1-1: Called Strike 1-2: Strikes out looking
|
|
Batting: RHB Mike Savage
|
0-0: Ball 1-0: SINGLE (Groundball, 13S, EV 76.2 MPH) (infield hit) Alvaro Andrade to second
|
|
Pitching: RHP Amare Golden
|
|
|
Batting: LHB Mike DiNardo
|
0-0: Called Strike 0-1: Foul Ball, location: 2F 0-2: Ground out 1-3 (Groundball, 25, EV 70.0 MPH)
|
| Bottom of the 9th over - 1 run, 3 hits, 0 errors, 2 left on base; Binghamton 10 - South Bend 6 |
|